 Dungeon Crawl Stone Soup version 0.31-a0-472-g43a2ca8e1b (webtiles) character file.

Game seed: 11669311537250240965

21 Ethylacetat the Changeling (level 2, -1/18 HPs)
             Began as an Octopode Shapeshifter on Aug 6, 2023.
             Slain by a gnoll
             ... wielding a +0 whip
              (6 damage)
             ... on level 2 of the Dungeon.
             The game lasted 00:00:52 (684 turns).

Ethylacetat the Changeling (Octopode Shapeshifter)   Turns: 684, Time: 00:00:53

Health: -1/18      AC:  1    Str: 14    XL:     2   Next: 83%
Magic:  2/2        EV: 13    Int: 10    God:
Gold:   75         SH:  0    Dex: 12    Spells: 1/1 levels left

rFire   . .          .
                       - Unarmed
rCold   . . .        (no shield)
rNeg    . . .        (helmet currently unavailable)
rPois   .            (no amulet)
rElec   .            (no ring)
rCorr   .            (no ring)
SInv    .            (no ring)
Will    .....        (no ring)
Stlth   ++           (no ring)
HPRegen 0.23/turn    (no ring)
MPRegen 0.08/turn    (no ring)
                     (no ring)

%: no passive effects
@: beast-form
A: beast (slay +2), almost no armour, amphibious, 8 rings, camouflage 1,
gelatinous body 1, (nimble swimmer 1), tentacles
a: Begin Untransformation


You were on level 2 of the Dungeon.
You were a hulking beast.
You visited 1 branch of the dungeon, and saw 2 of its levels.

You collected 75 gold pieces.

Inventory:

Talismans
 b - a beast talisman (active)
Scrolls
 c - a scroll of summoning {unknown}
 e - 3 scrolls of identify {unknown}
Potions
 a - a potion of lignification
 d - a potion of might {unknown}


   Skills:
 + Level 1.5 Fighting
 - Level 2.0 Dodging
 + Level 3.2 Unarmed Combat
 * Level 3.3 Shapeshifting


You had one spell level left.
You didn't know any spells.
Your spell library contained the following spells:

 Spells                   Type           Power      Damage    Failure   Level
 Magic Dart               Conj           0%         1d3       36%         1
 Call Imp                 Summ           0%         N/A       50%         2
 Mephitic Cloud           Conj/Pois/Air  0%         N/A       75%         3


Dungeon Overview and Level Annotations

Branches:
Dungeon (2/15)

Altars:


Innate Abilities, Weirdness & Mutations

You are a hulking beast.
Your limbs bulge with bestial killing power. (Slay +2)
You cannot wear most types of armour.
You are amphibious.
You can wear up to eight rings at the same time.
Your skin changes colour to match your surroundings (Stealth+).
Your rubbery body absorbs attacks. (AC +1, EV +1)
((You are camouflaged when in or above water. (Stealth+)))
You have tentacles for arms and can constrict up to eight enemies at once.


Message History

The quokka bites you but does no damage.
You tentacle-slap the quokka.
You kill the quokka!
The great orb of eyes turns its gaze towards you.
Found 12 gold pieces.
The great orb of eyes turns its gaze towards you.
There is a faded altar of an unknown god here.
This altar belongs to (a) Lugonu, (b) the Shining One or (c) Wu Jian, but you can't tell which.
Press the corresponding letter to learn more about a god, or press enter to convert or escape to cancel.
Okay, then.
Unknown command.
Press < or > to pray at altars.
You now have 75 gold pieces (gained 12).
A rat comes into view.
A rat is nearby!
You tentacle-slap the rat.
You kill the rat!
No target in view!
No target in view!
You see here a rat corpse.
The great orb of eyes turns its gaze towards you.
The floating eye turns its gaze towards you.
A gnoll comes into view. It is wielding a +0 spear.
A gnoll comes into view. It is wielding a +0 whip.
There are monsters nearby!
A gnoll and an endoplasm come into view.
The gnoll shouts! x3
There are monsters nearby!
The gnoll hits you with a +0 spear.
You barely miss the gnoll.
The endoplasm quivers.
Your grab misses the gnoll. Your squeeze misses the gnoll.
The gnoll barely misses you. The gnoll hits you with a +0 whip!
Ouch! That really hurt!
You are too injured to fight recklessly!
You are too injured to fight recklessly!
The endoplasm attacks as you move away! The endoplasm completely misses you.
The gnoll hits you from afar with a +0 spear.
* * * LOW HITPOINT WARNING * * *
The gnoll attacks as you move away! The gnoll hits you with a +0 whip.
You die...

#.###...###.#####.#.#
#.#G#...#G#.......).#
#.###...###.......###
#........)..#####.#
########.##..............#
..........#.######.#####.#
.########.#.######.# #.#
#.#.....##.# #.#
#.#h....##.# #.#
#.#gJ...##.# #.#
#.#.g...##.. ..#
#.#g....#### ## #.#.....#
#.#.....# #.....# #.....+
......#


You could see 3 gnolls and an endoplasm.

Vanquished Creatures
  2 dart slugs (D:1)
  An endoplasm (D:1)
  A goblin (D:1)
  2 hobgoblins (D:1)
  2 kobolds (D:1)
  A quokka (D:2)
  4 bats
  2 frilled lizards (D:1)
  2 rats
17 creatures vanquished.

Notes
Turn   | Place    | Note
-------+----------+-------------------------------------------
     0 | D:1      | Ethylacetat the Octopode Shapeshifter began the quest for
                  | the Orb.
     0 | D:1      | Reached XP level 1. HP: 13/13 MP: 1/1
   164 | D:1      | Reached XP level 2. HP: 18/18 MP: 2/2
   560 | D:2      | Noticed a floating eye
   562 | D:2      | Found a faded altar of an unknown god.
   567 | D:2      | Noticed a great orb of eyes
   567 | D:2      | Noticed an eye of devastation
   567 | D:2      | Noticed a great orb of eyes
   684 | D:2      | Slain by a gnoll

Illustrated notes

Levels and vault maps discovered:
D:1:      evilmike_arrival_plus, layout_basic, grunt_decor_mini_mirrors
D:2:      layout_basic, basic_altar, hellmonk_ecumenical_altar_watching_god,
          hangedman_decor_diamond_cutter, uniq_sigmund

Action                     || total
---------------------------++-------
  Melee: Unarmed           ||    28
         Constrict         ||     6
         Tentacles         ||     2
   Stab: Sleeping          ||     7
 Armour: Skin              ||     3
  Dodge: Dodged            ||     8

Table legend: (Time is in decaauts)
 A = Elapsed time spent in this place.
 B = Non-inter-level travel time spent in this place.
 C = Inter-level travel time spent in this place.
 D = Time resting spent in this place.
 E = Time spent auto-exploring this place.
 F = Levels seen in this place.
 G = Mean time per level.
                   A        B        C        D        E       F      G
               +--------+--------+--------+--------+--------+-----+--------+
         Total |    682 |    672 |     10 |      0 |    564 |   2 |  341.0 |
       Dungeon |    682 |    672 |     10 |      0 |    564 |   2 |  341.0 |
               +--------+--------+--------+--------+--------+-----+--------+

Top non-repeatable levels by time:
     D:1: 529 daAuts
     D:2: 153 daAuts
